 Dungeon Crawl Stone Soup version 0.24-a0-274-gb3763e6 (webtiles) character file.

Game seed: 6416596429746879006

979 robertstho the Digger (level 7, 0/53 HPs)
             Began as a Demigod Earth Elementalist on Apr 26, 2019.
             Slain by a hippogriff (10 damage)
             ... on level 7 of the Dungeon.
             The game lasted 00:09:00 (6322 turns).

robertstho the Digger (Demigod Earth Elementalist)  Turns: 6322, Time: 00:09:01

Health: 0/53       AC:  4    Str: 22    XL:     7   Next: 63%
Magic:  2/16       EV: 13    Int: 23    God:
Gold:   275        SH:  0    Dex: 16    Spells: 3/13 levels left

rFire    . . .     SeeInvis .   C - staff of poison
rCold    . . .     Gourm    .   (no shield)
rNeg     . . .     Faith    .   c - +0 robe
rPois    +         Spirit   .   (no helmet)
rElec    .         Reflect  .   w - +0 cloak
rCorr    .         Harm     .   h - +0 pair of gloves
MR       .....                  (no boots)
Stlth    ++........             (no amulet)
HPRegen  0.17/turn              f - +6 ring of strength
MPRegen  0.15/turn              (no ring)

@: mighty, very slightly contaminated
A: high mp 1
a: no special abilities


You were on level 7 of the Dungeon.
You were near starving.

You visited 1 branch of the dungeon, and saw 6 of its levels.

You collected 275 gold pieces.

Inventory:

Hand Weapons
 j - a +0 dagger
 m - a +0 hunting sling
Missiles
 b - 71 stones (quivered)
 g - 21 sling bullets
Armour
 c - a +0 robe (worn)
 h - a +0 pair of gloves (worn)
 o - a +0 ring mail
 p - a +2 chain mail of cold resistance
 w - a +0 cloak (worn)
Magical Staves
 C - an uncursed staff of poison (weapon)
Jewellery
 f - a +6 ring of strength (left hand)
Wands
 x - a wand of paralysis (10)
 y - a wand of enslavement (5)
Scrolls
 e - a scroll of immolation
 l - 2 scrolls of remove curse
 q - a scroll of noise {unknown}
 t - a scroll of fear {unknown}
 u - a scroll of enchant armour {unknown}
 v - a scroll of magic mapping {unknown}
 B - a scroll of teleportation {unknown}
 E - a scroll of amnesia {unknown}
 G - 2 scrolls of identify
Potions
 a - a potion of flight
 i - a potion of experience {unknown}
 k - a potion of agility {unknown}
 s - a potion of resistance
 z - a potion of magic {unknown}
 A - 2 potions of degeneration {unknown}
 D - 3 potions of curing {unknown}
 F - a potion of lignification {unknown}
Comestibles
 d - 8 rations


   Skills:
 + Level 1.8 Fighting
 + Level 2.7 Short Blades
 + Level 0.4 Staves
 + Level 3.0 Dodging
 + Level 3.3 Stealth
 + Level 3.9 Spellcasting
 + Level 1.2 Conjurations
 + Level 0.8 Transmutations
 * Level 5.5 Earth Magic


You had 3 spell levels left.
You knew the following spells:

 Your Spells              Type           Power        Failure   Level  Hunger
a - Sandblast             Erth           ####..       1%          1    None
b - Passwall              Tmut/Erth      ###.....     4%          2    #......
c - Stone Arrow           Conj/Erth      ###...       8%          3    ##.....
d - Petrify               Tmut/Erth      ###.....     28%         4    ####...

Your spell library contained the following spells:

 Spells                   Type           Power        Failure   Level  Hunger
 Lee's Rapid Deconstruct  Erth           ####......   30%         5    ######.


Dungeon Overview and Level Annotations

Branches:
Dungeon (7/15)
 Temple: D:4-7

Shops:
D:5 [


Innate Abilities, Weirdness & Mutations

You have an increased reservoir of magic. (+10% MP)


Message History

The hippogriff is heavily wounded.
The hippogriff closely misses you. The hippogriff pecks you.
The hippogriff claws you.
You hit the hippogriff but do no damage.
The hippogriff is heavily wounded.
The hippogriff misses you. The hippogriff pecks you. The hippogriff claws you.
* * * LOW HITPOINT WARNING * * *
You feel much better. The hippogriff barely misses you.
The hippogriff closely misses you. The hippogriff claws you.
Okay, then.
You feel very mighty all of a sudden. The hippogriff bites you!
The hippogriff pecks you. The hippogriff misses you.
You hit the hippogriff.
The hippogriff is heavily wounded.
The hippogriff bites you! The hippogriff pecks you!
* * * LOW HITPOINT WARNING * * *
The hippogriff barely misses you.
Okay, then.
The hippogriff bites you!
You die...

.....# .....#
..#### ##.###
##..## #########
#...# #....>...
##..#### #.####
##.)....#
#H...####
<.##.##.#
#@.......
####.##.#
###....#### #.##.#
#.....##
#.##.######.#.###
#.......>...#.#
####..............
##########.....
######


You could see a hippogriff.

Vanquished Creatures
  A sky beast (D:5)
  2 ice beasts
  A phantom (D:5)
  2 ogres
  A howler monkey (D:4)
  4 hounds
  A centaur skeleton (D:4)
  3 worker ants
  A hound zombie (D:5)
  A worker ant zombie (D:5)
  4 gnolls (D:6)
  5 adders
  A shadow imp (D:6)
  An ooze (D:1)
  An adder zombie (D:5)
  2 dart slugs
  5 leopard geckos
  9 orcs
  3 giant cockroaches
  2 goblins (D:2)
  4 hobgoblins
  2 kobolds (D:1)
  2 quokkas
  4 bats
  5 frilled lizards
  2 jackal skeletons
  3 rats
72 creatures vanquished.

Notes
Turn   | Place    | Note
-------+----------+-------------------------------------------
     0 | D:1      | robertstho the Demigod Earth Elementalist began the quest
                  | for the Orb.
     0 | D:1      | Reached XP level 1. HP: 14/14 MP: 5/5
   276 | D:1      | Reached skill level 3 in Earth Magic
   856 | D:1      | Reached XP level 2. HP: 20/20 MP: 5/7
   860 | D:1      | Learned a level 2 spell: Passwall
  1599 | D:2      | Reached XP level 3. HP: 26/26 MP: 6/8
  1604 | D:2      | Found a sparkling altar of Nemelex Xobeh.
  1893 | D:2      | Reached skill level 1 in Short Blades
  2240 | D:2      | You fall through a shaft for 2 floors!
  2387 | D:4      | Reached XP level 4. HP: 22/33 MP: 0/10
  2538 | D:4      | Learned a level 3 spell: Stone Arrow
  2558 | D:4      | Noticed an ogre
  2841 | D:4      | Reached skill level 4 in Earth Magic
  2970 | D:4      | Reached XP level 5. HP: 17/39 MP: 10/12
  3533 | D:5      | Entered Level 5 of the Dungeon
  3608 | D:5      | Found Wuquc's Armour Shoppe.
  3611 | D:5      | Found a sparkling altar of Nemelex Xobeh.
  3698 | D:5      | Reached skill level 1 in Fighting
  3927 | D:5      | Noticed a phantom
  3937 | D:5      | Killed a phantom
  3937 | D:5      | Reached XP level 6. HP: 26/47 MP: 0/13
  4900 | D:5      | Found a bloodstained altar of Trog.
  4900 | D:5      | Found a shattered altar of Ashenzari.
  5175 | D:6      | Found a glowing drain.
  5277 | D:6      | Found a glowing golden altar of the Shining One.
  5439 | D:6      | Reached XP level 7. HP: 36/53 MP: 11/15
  5521 | D:6      | Reached skill level 1 in Conjurations
  5521 | D:6      | Reached skill level 5 in Earth Magic
  6220 | D:7      | Noticed a hippogriff
  6283 | D:7      | Learned a level 4 spell: Petrify
  6322 | D:7      | Slain by a hippogriff

Levels and vault maps discovered:
D:1:      dpeg_arrival_radiant, layout_basic, moated_statue,
          minmay_misc_feat_cross
D:2:      layout_basic, nemelex_xobeh_ov_fountains_minmay
D:4:      cheibrodos_quashed, layout_loops_ring
D:5:      layout_basic, gammafunk_temple_overflow_elements, serial_shops,
          nicolae_shop_window_shopping, basic_altar, first_ration,
          kennysheep_potato
D:6:      layout_basic, tso_metal_star, portal_sewer_entry_c, interstate_on_off,
          minivault_26
D:7:      layout_loops_ring, minmay_temple_entry_hall, uniq_harold

Skill      XL: |  1  2  3  4  5  6  7 |
---------------+----------------------+-----
Earth Magic    | 3 4 5 |  5.5
Spellcasting   | 2 3 |  3.9
Stealth        | 2 3 |  3.3
Short Blades   | 1 2 |  2.7
Dodging        | 2 3 |  3.0
Fighting       | 1 |  1.8
Conjurations   | 1 |  1.2
Staves         | |  0.4
Transmutations | |  0.8

Action                   |  1- 3 |  4- 6 |  7- 9 || total
-------------------------+-------+-------+-------++-------
Melee: Unarmed           |     7 |       |       ||     7
       Dagger            |    70 |   114 |       ||   184
       Staff             |       |    27 |    13 ||    40
 Cast: Sandblast         |    34 |    23 |     3 ||    60
       Stone Arrow       |       |    19 |    15 ||    34
       Petrify           |       |       |     1 ||     1
  Use: Scroll            |       |     6 |       ||     6
       Potion            |       |       |     2 ||     2
 Stab: Sleeping          |     1 |     4 |       ||     5
       Distracted        |       |     1 |       ||     1
       Petrified         |       |       |     6 ||     6
  Eat: Chunk             |     5 |     8 |     2 ||    15
       Ration            |       |     1 |       ||     1
Armor: Robe              |    20 |    23 |     5 ||    48
Dodge: Dodged            |    64 |    91 |    20 ||   175

Table legend:
 A = Non-vault XP
 B = Vault XP
 C = Vault XP percentage of total XP
 D = Non-vault monster count
 E = Vault monster count
 F = Vault count percentage of total count
                 A         B        C        D         E       F
            +---------+---------+-------+---------+---------+-------
      Total |    1272 |     127 |   9.1 |      71 |       1 |   1.4
            +---------+---------+-------+---------+---------+-------
        D:1 |      34 |       0 |   0.0 |      17 |       0 |   0.0
        D:2 |      70 |       0 |   0.0 |      14 |       0 |   0.0
        D:4 |     210 |       0 |   0.0 |      14 |       0 |   0.0
        D:5 |     349 |     127 |  26.7 |      11 |       1 |   8.3
        D:6 |     406 |       0 |   0.0 |      12 |       0 |   0.0
        D:7 |     203 |       0 |   0.0 |       3 |       0 |   0.0
            +---------+---------+-------+---------+---------+-------
